 Dungeon Crawl Stone Soup version 0.30-a0-341-g682706514a (webtiles) character file.

Game seed: 12820829915348316528

24833 Bnni the Gelid (level 13, -9/90 (92) HPs)
             Began as an Octopode Ice Elementalist on Nov 5, 2022.
             Was an Initiate of Gozag.
             Mangled by a sun demon (13 damage)
             ... on level 1 of the Abyss.
             The game lasted 01:05:32 (17300 turns).

Bnni the Gelid (Octopode Ice Elementalist)         Turns: 17300, Time: 01:05:32

HP:   -9/90 (92)    AC:  1    Str: 10      XL:     13   Next: 15%
MP:   14/35         EV: 13    Int: 25 (26) God:    Gozag
Gold: 997           SH:  5    Dex: 15      Spells: 13/31 levels left

rFire   . . .      SeeInvis +    j - staff of cold
rCold   + . .      Faith    .    (no shield)
rNeg    . . .      Spirit   .    (helmet restricted)
rPois   +          Reflect  +    J - amulet "Nopux" {Reflect Fly rPois Str-4 Int+5 Dex+2 SH+5}
rElec   .          Harm     .    i - ring of magical power
rCorr   .          Rampage  .    (no ring)
Will    .....                    C - +6 ring of strength
Stlth   +++.......               D - ring of see invisible
HPRegen 0.35/turn                (no ring)
MPRegen 0.24/turn                (no ring)
                                 (no ring)
                                 (no ring)

@: freezing walls, flying, lightly drained
A: almost no armour, amphibious, 8 rings, camouflage 1, gelatinous body 1,
(nimble swimmer 1), tentacles
a: Renounce Religion, Potion Petition, Call Merchant, Bribe Branch


You were on level 1 of the Abyss.
You worshipped Gozag.
Gozag was pleased with you.
You visited 2 branches of the dungeon, and saw 13 of its levels.
You visited the Abyss 1 time.
You also visited: Bailey.

You collected 1966 gold pieces.
You paid 969 gold pieces to Gozag.

Inventory:

Hand Weapons
 a - the +9 staff of Olgreb {rPois∞}
   (You found it on level 6 of the Dungeon)

   If the wielder is skilled in Evocations, they can envenom those struck by it,
   dealing poison damage which bypasses armour.
   It enhances your poison magic.
   It grants immunity to poison.
   It can be activated via the 'a'bility menu to radiate toxic energy, with
   effectiveness depending on Evocations skill.
 o - a +0 dagger of electrocution
Missiles
 f - 33 poisoned darts
 q - 6 curare-tipped darts
Magical Staves
 j - a staff of cold (weapon)
Jewellery
 i - a ring of magical power (left tentacle)
 C - a +6 ring of strength (on tentacle)
 D - a ring of see invisible (on tentacle)
 J - the amulet "Nopux" (around mantle) {Reflect Fly rPois Str-4 Int+5 Dex+2 SH+5}
   (You found it on level 9 of the Dungeon)

   [amulet of reflection]

   It reflects blocked missile attacks.
   Str:       It affects your strength (-4).
   Int:       It affects your intelligence (+5).
   Dex:       It affects your dexterity (+2).
   rPois:     It protects you from poison.
   Fly:       It grants you flight.
   SH:        It affects your SH (+5).
Wands
 e - a wand of flame (42)
 y - a wand of charming (9)
 E - a wand of mindburst (28)
 K - a wand of polymorph (6)
Scrolls
 b - 8 scrolls of teleportation
 c - 2 scrolls of poison {unknown}
 g - 4 scrolls of blinking {unknown}
 l - 3 scrolls of fear
 m - a scroll of amnesia {unknown}
 p - a scroll of immolation
 s - 3 scrolls of magic mapping
 x - a scroll of vulnerability
 z - 3 scrolls of fog
 H - a scroll of enchant weapon
Potions
 d - 4 potions of attraction
 h - 2 potions of lignification
 k - 4 potions of mutation
 r - 3 potions of berserk rage
 t - a potion of might
 v - 2 potions of curing
 w - a potion of cancellation
 F - a potion of magic
 I - a potion of brilliance
 L - a potion of invisibility
Miscellaneous
 B - a tin of tremorstones (2/2)


   Skills:
 + Level 10.2 Fighting
 - Level 2.0 Dodging
 - Level 2.6 Stealth
 + Level 9.7 Spellcasting
 - Level 3.0 Summonings
 - Level 2.0 Translocations
 * Level 15.0 Ice Magic
 - Level 3.0 Air Magic
 - Level 6.5 Invocations


You had 13 spell levels left.
You knew the following spells:

 Your Spells              Type           Power      Damage    Failure   Level
a - Blink                 Tloc           44%        N/A       3%          2
b - Ozocubu's Armour      Ice            92%        N/A       1%          3
c - Frozen Ramparts       Ice            100%       1d16      1%          3
d - Summon Ice Beast      Ice/Summ       72%        N/A       1%          4
e - Ensorcelled Hibernat  Hex/Ice        100%       N/A       1%          2
f - Freeze                Ice            100%       1d10      0%          1
s - Swiftness             Air            27%        N/A       4%          3

Your spell library contained the following spells:

 Spells                   Type           Power      Damage    Failure   Level
 Foxfire                  Conj/Fire      48%        2x1d6     4%          1
 Momentum Strike          Conj/Tloc      34%        3d8       4%          2
 Vhi's Electric Charge    Tloc/Air       48%        N/A       5%          3
 Gell's Gravitas          Tloc           22%        N/A       7%          3
 Lesser Beckoning         Tloc           44%        N/A       7%          3
 Teleport Other           Tloc           22%        N/A       7%          3
 Passwall                 Tmut/Erth      10%        N/A       8%          2
 Sublimation of Blood     Necr           12%        N/A       8%          2
 Portal Projectile        Hex/Tloc       34%        N/A       10%         3
 Tukima's Dance           Hex            12%        N/A       16%         3
 Alistair's Intoxication  Tmut/Pois      8%         N/A       80%         5
 Blade Hands              Tmut           6%         N/A       80%         5
 Borgnjor's Vile Clutch   Necr/Erth      6%         N/A       80%         5
 Fireball                 Conj/Fire      6%         3d5       80%         5
 Eringya's Noxious Bog    Tmut/Pois      6%         N/A       100%        6
 Starburst                Conj/Fire      6%         6d4       100%        6


Dungeon Overview and Level Annotations

Branches:
Dungeon (12/15)            Temple (1/1) D:4            Lair (0/5) D:11
    Orc (0/2) D:9          Bailey (visited)

Altars:
Ashenzari
Cheibriados
Dithmenos
Elyvilon
Fedhas
Gozag
Hepliaklqana
Kikubaaqudgha
Makhleb
Nemelex Xobeh
Okawaru
Qazlal
Ru
Sif Muna
Trog
Uskayaw
Vehumet
Wu Jian
Xom
Yredelemnul
Zin
The Shining One
Jiyva

Shops:
D:1 :

Portals:
Trove: D:10 (give 15 scrolls of teleportation)

Annotations:
D:6 1 runed translucent door
D:10 b0ghi's ghost, journeyman MiFi
D:12 Azrael; Erolcha


Innate Abilities, Weirdness & Mutations

You cannot wear most types of armour.
You are amphibious.
You can wear up to eight rings at the same time.
Your skin changes colour to match your surroundings (Stealth+).
Your rubbery body absorbs attacks. (AC +1, EV +1)
((You are camouflaged when in or above water. (Stealth+)))
You have tentacles for arms and can constrict up to eight enemies at once.


Message History

Your ice beast hits the wight but does no damage.
The wight resists.
The wall freezes the wight.
The wight completely misses your ice beast.
Your ice beast hits the wight.
The wight is destroyed!
You swap places.
The frozen ramparts melt away as you move.
You now have 985 gold pieces (gained 25).
Things that are here:
a +4 morningstar; a +0 robe You now have 997 gold pieces (gained 12).
Things that are here:
a +3 war axe; a +0 robe You start resting.
A sun demon comes into view.
Your ice beast hits the sun demon but does no damage.
Casting: Frozen Ramparts (safe; 1% risk of failure)
Confirm with . or Enter, or press ? or * to list all spells.
Casting: Frozen Ramparts (safe; 1% risk of failure)
Press: ? - help, Dir - look around, f - activate You feel a surge of power!
The walls around you are covered in ice.
The sun demon is frozen!
The wall freezes the sun demon.
The sun demon closely misses you.
Your ice beast closely misses the sun demon.
You hit the sun demon but do no damage. Your grab misses the sun demon.
The sun demon is lightly wounded.
The sun demon is frozen!
The wall freezes the sun demon!
You block the sun demon's attack.
A small abomination comes into view.
Your ice beast hits the sun demon but does no damage.
You barely miss the sun demon. Your grab misses the sun demon.
You squeeze the sun demon, but do no damage.
The sun demon is moderately wounded.
The sun demon is frozen!
The wall freezes the sun demon!
The sun demon hits you!!
* * * LOW HITPOINT WARNING * * *
You are engulfed in flames!
You die...
Your body crumbles into a pile of gold.

...# .
...## ..
... .# #.
..#. ##.
...#
#...##x. .
.#...#
#..#.##.##
##..)[[Y@#
#####)3##
#.#.# #.
## ...#.
..... ##..
.. #...


You could see a sun demon (ally target), a small abomination and a friendly ice
beast (summoned, drained).

Vanquished Creatures
  Snorg (D:12)
  A boulder beetle (D:12)
  A centaur warrior (D:9)
  2 two-headed ogres
  A thrashing horror (Abyss:1)
  A starcursed mass (Abyss:1)
  Pikel (D:7)
  The ghost of twist the Cudgeller, a novice GnCA of Ignis (D:9)
  3 orc knights (Bailey)
  A deep elf zephyrmancer (D:8)
  2 manticores
  4 slime creatures
  A cyclops (D:12)
  Joseph (D:7)
  Maurice (D:8)
  An unseen horror (D:11)
  Maggie (D:7)
  A tengu conjurer (D:9)
  A komodo dragon (D:11)
  2 trolls
  A hornet (D:6)
  Sigmund (D:2)
  3 flying skulls (Abyss:1)
  A vampire (D:9)
  A wyvern (D:9)
  A shadow (D:11)
  8 yaks
  3 fire elementals (D:12)
  A redback (D:6)
  2 acid dragons
  5 water moccasins
  2 hell hounds (D:12)
  4 orc warriors (Bailey)
  An ogre (D:5)
  4 centaurs
  2 lemures (D:7)
  2 phantoms (D:5)
  3 kobold brigands
  A gnoll sergeant (D:10)
  2 necrophages
  6 scorpions
  8 jellies
  4 wights
  16 killer bees
  2 howler monkeys (D:7)
  A small abomination (Abyss:1)
  A crimson imp (Abyss:1)
  5 hounds
  4 orc priests
  Crazy Yiuf (D:2)
  5 iguanas
  8 orc wizards
  9 adders
  8 gnolls
  A nameless horror (D:11)
  A shadow imp (D:6)
  A white imp (D:8)
  2 ufetubi
  3 worms
  2 dart slugs
  39 orcs
  5 ball pythons
  6 endoplasms
  4 giant cockroaches
  12 goblins
  5 hobgoblins
  4 jackals (D:5)
  4 quokkas
  5 bats
  13 frilled lizards
  18 kobolds
  4 rats
283 creatures vanquished.

Vanquished Creatures (collateral kills)
  A boulder beetle (D:9)
  A two-headed ogre (D:9)
  A starcursed mass (Abyss:1)
  A cyclops (D:12)
  A gargoyle (D:10)
  A kobold demonologist (D:12)
  A troll (D:11)
  6 slime creatures
  A flying skull (Abyss:1)
  A shadow (D:11)
  A wraith (D:12)
  A fire elemental (D:12)
  A redback (D:6)
  3 yaks
  3 acid dragons
  3 scorpions (D:6)
  5 wights
  3 killer bees (D:6)
  3 jellies (D:9)
  A shadow imp (D:7)
  An orc (D:6)
40 creatures vanquished.

Vanquished Creatures (others)
  A slime creature (D:12)
  An orc priest (D:12)
  A fungus (D:2)
  48 plants
51 creatures vanquished.

Grand Total: 374 creatures vanquished

Notes
Turn   | Place    | Note
-------+----------+-------------------------------------------
     0 | D:1      | Bnni the Octopode Ice Elementalist began the quest for the
                  | Orb.
     0 | D:1      | Reached XP level 1. HP: 11/11 MP: 3/3
   122 | D:1      | Reached XP level 2. HP: 8/18 MP: 3/5
   287 | D:1      | Found Soyg Foa's Book Shoppe.
  1033 | D:1      | Reached skill level 1 in Fighting
  1033 | D:1      | Reached XP level 3. HP: 12/23 MP: 4/6
  1037 | D:1      | Learned a level 3 spell: Ozocubu's Armour
  1305 | D:2      | Noticed Sigmund
  1783 | D:2      | Reached XP level 4. HP: 9/28 MP: 7/7
  2027 | D:2      | Learned a level 3 spell: Frozen Ramparts
  2029 | D:2      | Found a runed translucent door.
  2030 | D:2      | Noticed Crazy Yiuf
  2038 | D:2      | Killed Crazy Yiuf
  2039 | D:2      | Reached skill level 5 in Ice Magic
  2540 | D:2      | Killed Sigmund
  2541 | D:2      | Reached XP level 5. HP: 10/35 MP: 9/9
  2541 | D:2      | Reached XP level 6. HP: 12/41 MP: 9/10
  2767 | D:3      | Found a faded altar of an unknown god.
  2827 | D:3      | Noticed a water moccasin
  2835 | D:3      | Killed a water moccasin
  2836 | D:3      | Reached skill level 6 in Ice Magic
  2841 | D:3      | Learned a level 4 spell: Summon Ice Beast
  3154 | D:3      | Found a blossoming altar of Fedhas.
  3502 | D:4      | Found a staircase to the Ecumenical Temple.
  3510 | D:4      | Reached XP level 7. HP: 45/46 MP: 12/12
  3515 | Temple   | Entered the Ecumenical Temple
  3724 | Temple   | Became a worshipper of Sif Muna the Loreminder
  3992 | D:4      | Reached skill level 1 in Summonings
  3992 | D:4      | Reached skill level 7 in Ice Magic
  4595 | D:4      | Reached XP level 8. HP: 54/54 MP: 14/14
  4603 | D:4      | Reached * piety under Sif Muna
  5126 | D:4      | Learned a level 2 spell: Ensorcelled Hibernation
  5127 | D:5      | Entered Level 5 of the Dungeon
  5432 | D:5      | Reached skill level 1 in Invocations
  5665 | D:5      | Reached skill level 8 in Ice Magic
  5816 | D:6      | Noticed a hornet
  5877 | D:6      | Killed a hornet
  5878 | D:6      | Reached skill level 5 in Spellcasting
  5878 | D:6      | Reached XP level 9. HP: 47/60 MP: 16/16
  6002 | D:6      | Learned a level 2 spell: Blink
  6006 | D:6      | Learned a level 3 spell: Swiftness
  6116 | D:6      | Found a hide-covered altar of Uskayaw.
  6201 | D:6      | Reached skill level 5 in Fighting
  6904 | D:6      | Found a burning altar of Makhleb.
  6976 | D:6      | Found a runed translucent door.
  6978 | D:6      | Found a runed translucent gate.
  6979 | D:6      | Found a runed translucent gate.
  6985 | D:6      | Found the +9 staff of Olgreb {rPois∞}
  7048 | D:6      | Found a runed translucent gate.
  7049 | D:6      | Found a runed translucent door.
  7071 | D:6      | Reached skill level 9 in Ice Magic
  7112 | D:6      | Reached ** piety under Sif Muna
  7375 | D:6      | Reached XP level 10. HP: 61/68 MP: 17/19
  7377 | D:6      | Reached skill level 10 in Ice Magic
  7826 | D:7      | You are sucked into a shaft and drop 2 floors!
  7852 | D:9      | Found a broken altar of Ashenzari.
  7908 | D:9      | Found a flagged portal.
  7929 | Bailey   | Entered a bailey
  7940 | Bailey   | Reached skill level 5 in Invocations
  8163 | Bailey   | Noticed an orc knight
  8163 | Bailey   | Noticed an orc knight
  8163 | Bailey   | Noticed an orc knight
  8180 | Bailey   | Killed an orc knight
  8181 | Bailey   | Reached skill level 1 in Translocations
  8181 | Bailey   | Reached skill level 1 in Air Magic
  8187 | Bailey   | Killed an orc knight
  8195 | Bailey   | Killed an orc knight
  8552 | D:9      | Found a runed translucent gate.
  8553 | D:9      | Found a runed translucent gate.
  8554 | D:9      | Found a runed translucent gate.
  8555 | D:9      | Noticed twist's ghost (novice GnCA)
  8559 | D:9      | Found a viscous altar of Jiyva.
  8787 | D:8      | Noticed a deep elf zephyrmancer
  8794 | D:8      | Killed a deep elf zephyrmancer
  9174 | D:7      | Reached skill level 11 in Ice Magic
  9297 | D:7      | Noticed Maggie
  9305 | D:7      | Killed Maggie
  9407 | D:7      | Noticed Pikel
  9414 | D:7      | Killed Pikel
  9415 | D:7      | Reached XP level 11. HP: 75/75 MP: 15/21
  9503 | D:7      | Noticed Joseph
  9520 | D:7      | Killed Joseph
  9699 | D:7      | Found an opulent altar of Gozag.
  9700 | D:7      | Found a sparkling altar of Nemelex Xobeh.
  9943 | D:7      | Fell from the grace of Sif Muna
  9943 | D:7      | Became a worshipper of Gozag Ym Sagoz the Greedy
  9978 | D:8      | Noticed Maurice
 10020 | D:8      | Killed Maurice
 10859 | D:9      | Noticed a two-headed ogre
 10866 | D:9      | Killed a two-headed ogre
 10867 | D:9      | Reached skill level 12 in Ice Magic
 10925 | D:9      | Found a staircase to the Orcish Mines.
 11277 | D:9      | Noticed a centaur warrior
 11277 | D:9      | Noticed a boulder beetle
 11292 | D:9      | Killed a centaur warrior
 11314 | D:9      | Killed a boulder beetle
 11484 | D:9      | Identified the amulet "Hudooma" {Faith Dex+4}
 11901 | D:9      | Killed twist's ghost
 12119 | D:9      | Identified the amulet "Nopux" {Reflect Fly rPois Str-4
                  | Int+5 Dex+2 SH+5}
 12199 | D:10     | Entered Level 10 of the Dungeon
 12374 | D:10     | Reached XP level 12. HP: 62/84 MP: 23/24
 12540 | D:10     | Noticed a two-headed ogre
 12547 | D:10     | Killed a two-headed ogre
 12548 | D:10     | Reached skill level 13 in Ice Magic
 13098 | D:10     | Found a portal to a secret trove of treasure.
 13191 | D:11     | Identified the +9 mace of the Reasonable God {spect, Str+4}
 13365 | D:11     | Found a runed translucent door.
 13370 | D:11     | Noticed b0ghi's ghost (journeyman MiFi)
 13420 | D:11     | Noticed a two-headed ogre
 13455 | D:11     | Found a staircase to the Lair.
 13481 | D:11     | Killed a two-headed ogre
 14927 | D:11     | Got Vusicat's Cyclopedia of Gusty Profane Arts
 15127 | D:12     | Noticed a boulder beetle
 15397 | D:12     | Noticed Snorg
 16181 | D:12     | Killed a boulder beetle
 16182 | D:12     | Reached skill level 14 in Ice Magic
 16698 | D:12     | Killed Snorg
 16833 | D:12     | Noticed Azrael
 16849 | D:12     | Noticed Erolcha
 16853 | D:12     | Reached skill level 10 in Fighting
 16853 | D:12     | Reached XP level 13. HP: 22/92 MP: 26/26
 16947 | D:11     | Was forgiven by Sif Muna
 17052 | Abyss:1  | Found a corrupted altar of Lugonu.
 17052 | Abyss:1  | Cast into level 1 of the Abyss (Erolcha)
 17057 | Abyss:1  | Noticed a starcursed mass
 17278 | Abyss:1  | Reached skill level 15 in Ice Magic
 17300 | Abyss:1  | HP: 4/90 [sun demon (19)]
 17300 | Abyss:1  | Mangled by a sun demon

Illustrated notes

Levels and vault maps discovered:
D:1:      scummos_arrival_simple_crosswalls, layout_basic, serial_shops,
          nicolae_shop_crystal, minmay_lizard_king
D:2:      minmay_inner_zag, layout_basic, uniq_crazy_yiuf_cottage, uniq_sigmund
D:3:      layout_rooms, mainiacjoe_overflow_24_doors,
          ebering_ecumenical_altar_box
D:4:      layout_gridville, minmay_temple_entry_sparse_star
D:5:      layout_rooms
D:6:      layout_basic, kennysheep_little_box, mainiacjoe_overflow_tiny_flanked,
          minmay_holes, minmay_guarded_unrand_staff_of_olgreb
D:7:      layout_loops_ring, grunt_temple_overflow_opulence, uniq_pikel,
          uniq_maggie, uniq_joseph
D:8:      layout_gridville, guppyfry_early_elven_hall, uniq_maurice
D:9:      minmay_weird_star, layout_irregular_city, amcnicky_altar_gilded,
          enter_bailey_5, gammafunk_ghost_ooze, nrook_mini_vaults,
          minmay_radiant
D:10:     layout_roguey, nicolae_trove_entry_columns
D:11:     layout_loops_ring, david_lair_shrubbed, ebering_ghost_reflecting_pool
D:12:     layout_rooms, minmay_circle_x, uniq_snorg, uniq_erolcha, uniq_azrael
Temple:   eino_temple_rhombus
Abyss:1:  base: D:9, base:
D:3

Skill      XL: |  1  2  3  4  5  6  7  8  9 10 11 12 13 |
---------------+----------------------------------------+-----
Fighting       | 1 2 3 4 6 7 8 10 | 10.2
Ice Magic      | 5 6 7 8 9 11 12 14 15 | 15.0
Spellcasting   | 3 4 5 6 8 9 |  9.7
Summonings     | 1 3 |  3.0
Invocations    | 2 4 6 |  6.5
Translocations | 2 |  2.0
Air Magic      | 2 3 |  3.0
Dodging        | |  2.0
Stealth        | |  2.6

Action                   |  1- 3 |  4- 6 |  7- 9 | 10-12 | 13-15 || total
-------------------------+-------+-------+-------+-------+-------++-------
Melee: Unarmed           |    23 |       |       |       |       ||    23
       Constrict         |    16 |     8 |    20 |    18 |     4 ||    66
       Dagger            |    35 |     8 |       |    14 |       ||    57
       Short sword       |     8 |       |       |       |       ||     8
       Tentacles         |     9 |     7 |    22 |    47 |    10 ||    95
       Punch             |     2 |     1 |     1 |     2 |     1 ||     7
       Quarterstaff      |       |    32 |    80 |       |       ||   112
       Spear             |       |       |    48 |       |       ||    48
       Staff             |       |       |       |   144 |    33 ||   177
Throw: Dart              |       |       |     6 |     7 |       ||    13
 Cast: Freeze            |    16 |     9 |    33 |     2 |     1 ||    61
       Frozen Ramparts   |       |     8 |    23 |    48 |     9 ||    88
       Ozocubu's Armour  |       |     7 |    14 |    15 |     3 ||    39
       Summon Ice Beast  |       |       |    14 |    82 |     8 ||   104
       Blink             |       |       |     1 |    11 |       ||    12
       Swiftness         |       |       |       |     4 |       ||     4
Invok: Potion Petition   |       |       |       |     3 |       ||     3
 Abil: Evoke the Staff o |       |       |       |    94 |       ||    94
Evoke: Wand              |       |       |       |     3 |       ||     3
  Use: Scroll            |       |     6 |     5 |    14 |       ||    25
       Potion            |       |     1 |     1 |     4 |       ||     6
 Stab: Sleeping          |    10 |    10 |     8 |     2 |       ||    30
       Distracted        |       |     1 |       |     1 |     1 ||     3
Armor: Skin              |     8 |     7 |    25 |    20 |    16 ||    76
Dodge: Dodged            |    47 |    19 |   111 |   142 |    30 ||   349
Block: Other             |       |       |       |    44 |    16 ||    60
       Reflection        |       |       |       |     6 |       ||     6

Table legend: (Time is in decaauts)
 A = Elapsed time spent in this place.
 B = Non-inter-level travel time spent in this place.
 C = Inter-level travel time spent in this place.
 D = Time resting spent in this place.
 E = Time spent auto-exploring this place.
 F = Levels seen in this place.
 G = Mean time per level.
                   A        B        C        D        E       F      G
               +--------+--------+--------+--------+--------+-----+--------+
         Total |  17349 |  16745 |    604 |   2816 |  10320 |  15 | 1156.6 |
       Dungeon |  16252 |  15678 |    574 |   2402 |  10112 |  12 | 1354.3 |
        Temple |    225 |    195 |     30 |      0 |    181 |   1 |  225.0 |
         Abyss |    254 |    254 |      0 |     96 |      0 |   1 |  254.0 |
        Bailey |    617 |    617 |      0 |    318 |     27 |   1 |  617.0 |
               +--------+--------+--------+--------+--------+-----+--------+

Top non-repeatable levels by time:
    D:11: 2808 daAuts
     D:6: 1840 daAuts
     D:2: 1533 daAuts
     D:9: 1503 daAuts
     D:4: 1440 daAuts
     D:8: 1333 daAuts
    D:10: 1286 daAuts
     D:1: 1158 daAuts
     D:7: 1055 daAuts
     D:3: 785 daAuts
    D:12: 766 daAuts
     D:5: 738 daAuts
  Bailey: 617 daAuts
 Abyss:1: 254 daAuts
  Temple: 225 daAuts
